 Dungeon Crawl Stone Soup version 0.21.1-1-g345015f (webtiles) character file.

1986 teukkam the Grappler (level 9, -2/87 HPs)
             Began as a Troll Monk on June 28, 2018.
             Slain by an orc warrior
             ... wielding a +0 halberd
              (10 damage)
             ... in a bailey on June 29, 2018.
             The game lasted 00:13:13 (2098 turns).

teukkam the Grappler (Troll Monk)                   Turns: 2098, Time: 00:13:14

Health: -2/87      AC:  6    Str: 24    XL:     9   Next: 1%
Magic:  8/8        EV: 10    Int:  6    God:
Gold:   192        SH:  4    Dex: 12    Spells: 8/8 levels left

rFire    . . .     SeeInvis .     - Unarmed
rCold    . . .     Gourm    +   (no shield)
rNeg     . . .     Faith    .   a - +1 robe
rPois    .         Spirit   .   (helmet restricted)
rElec    .         Reflect  .   (no cloak)
rCorr    .         Harm     .   (gloves unavailable)
MR       ++...                  (boots unavailable)
Stlth    ++........             (no amulet)
HPRegen  0.64/turn              (no ring)
MPRegen  0.11/turn              (no ring)

@: no status effects
A: large, unfitting armour, claws 3, talons 1, large bone plates 1, fast
metabolism 3, gourmand, magic resistance 2, regeneration 1, shaggy fur 1, tough
skin 2
a: no special abilities


You were in a bailey.
You were completely stuffed.

You visited 1 branch of the dungeon, and saw 8 of its levels.
You also visited: Bailey.

You collected 192 gold pieces.

Inventory:

Hand Weapons
 j - a +0 vampiric halberd
 l - a +3 halberd of distortion
Missiles
 i - 9 tomahawks (quivered)
Armour
 a - a +1 robe (worn)
Scrolls
 c - a scroll of fear
 k - a scroll of remove curse
Potions
 d - 2 potions of might {unknown}
 h - a potion of curing
Comestibles
 b - 3 rations


   Skills:
 + Level 4.9 Fighting
 + Level 1.8 Throwing
 - Level 2.4 Dodging
 - Level 1.0 Stealth
 + Level 10.6 Unarmed Combat


You had 8 spell levels left.
You didn't know any spells.

Dungeon Overview and Level Annotations

Branches:
Dungeon (8/15)
 Temple: D:4-7         Lair: D:8-11

Altars:
Dithmenos
Gozag
Qazlal

Shops:
D:8 *

Annotations:
D:5 Grinder


Innate Abilities, Weirdness & Mutations

You are too large for most types of armour.
You have claws for hands.
Your metabolism is lightning-fast.
You like to eat raw meat.
Your natural rate of healing is unusually fast.
You are covered in fur. (AC +1)
You have very tough skin. (AC +2)
You have sharp toenails.
You are partially covered in large bone plates. (SH +4)
You are highly resistant to hostile enchantments. (MR++)


Message History

Press: ? - help, Shift-Dir - straight line, f - orc warrior, p - orc warrior
Aim: an orc warrior, wielding a halberd and wearing a ring mail You throw a large rock.
The large rock hits the orc warrior but does no damage.
The orc warrior hits you from afar with a halberd.
The orc warrior shoots a bolt.
The bolt barely misses you. You block the orc warrior's attack.
The orc warrior hits you from afar with a halberd!
Throwing (i - inventory. (,) - cycle):
e - a large rock (quivered)
Press: ? - help, Shift-Dir - straight line, f/p - orc warrior
Aim: an orc warrior, wielding a halberd and wearing a ring mail You throw a large rock.
The large rock barely misses the orc warrior.
The orc warrior shoots a bolt.
The bolt hits you!
The orc warrior hits you from afar with a halberd!
The orc warrior hits you but does no damage.
The orc warrior shoots a bolt.
The bolt hits you!!
* * * LOW HITPOINT WARNING * * *
The orc warrior hits you from afar with a halberd!
You die...

### ##@## #(∩.#
#oo.# .......≈
o≈.(.....≈oo
≈o≈≈.......≈≈o≈
≈≈≈..#...#.o≈≈≈
....##.(.##....
#### ##∩## ####


You could see 3 orc warriors.

Vanquished Creatures
  A cyclops (D:8)
  Menkaure (D:7)
  2 orc warriors
  A black bear (D:8)
  2 ice beasts
  4 ogres
  2 bullfrogs
  A scorpion (D:6)
  A crimson imp (D:8)
  A centaur zombie (D:7)
  A bullfrog skeleton (D:7)
  A hound (D:8)
  3 orc priests
  5 orc wizards
  A jelly (D:7)
  3 worker ants
  A killer bee zombie (D:8)
  A hound skeleton (D:7)
  4 adders
  An adder zombie (D:6)
  3 worms (D:2)
  A dart slug (D:4)
  2 leopard geckos
  7 orcs
  4 bats
  A giant cockroach (D:4)
  A goblin (D:3)
  A hobgoblin (D:2)
  3 quokkas
  A ball python (D:4)
  A kobold (D:1)
  A leopard gecko skeleton (D:7)
  2 rats (D:1)
65 creatures vanquished.

Vanquished Creatures (others)
  An orc wizard (D:7)
1 creature vanquished.

Grand Total: 66 creatures vanquished

Notes
Turn   | Place    | Note
-------+----------+-------------------------------------------
     0 | D:1      | teukkam the Troll Monk began the quest for the Orb.
     0 | D:1      | Reached XP level 1. HP: 22/22 MP: 0/0
   123 | D:2      | Reached XP level 2. HP: 29/29 MP: 1/1
   194 | D:2      | Reached XP level 3. HP: 30/37 MP: 2/2
   341 | D:4      | Found a shadowy altar of Dithmenos.
   341 | D:4      | Found a stormy altar of Qazlal.
   341 | D:4      | Noticed an ogre
   352 | D:4      | Killed an ogre
   352 | D:4      | Reached skill level 4 in Unarmed Combat
   352 | D:4      | Reached XP level 4. HP: 4/48 MP: 3/3
   599 | D:4      | Reached XP level 5. HP: 42/54 MP: 4/4
   794 | D:5      | Entered Level 5 of the Dungeon
   882 | D:6      | Reached skill level 5 in Unarmed Combat
   972 | D:6      | Reached XP level 6. HP: 46/62 MP: 5/5
   975 | D:6      | Noticed an ice beast
   990 | D:6      | Gained mutation: You are partially covered in large bone plates. (SH +4) [potion of mutation]
   990 | D:6      | Gained mutation: You have sharp toenails. [potion of mutation]
   990 | D:6      | Gained mutation: You are resistant to hostile enchantments. (MR+) [potion of mutation]
   990 | D:6      | Gained mutation: You are highly resistant to hostile enchantments. (MR++) [potion of mutation]
  1001 | D:6      | Killed an ice beast
  1001 | D:6      | Reached skill level 6 in Unarmed Combat
  1127 | D:5      | Noticed Grinder
  1282 | D:7      | Reached XP level 7. HP: 59/70 MP: 6/6
  1300 | D:7      | Reached skill level 7 in Unarmed Combat
  1567 | D:7      | Noticed Menkaure
  1569 | D:7      | Killed Menkaure
  1569 | D:7      | Reached skill level 8 in Unarmed Combat
  1622 | D:7      | Reached XP level 8. HP: 79/79 MP: 7/7
  1777 | D:8      | Reached skill level 9 in Unarmed Combat
  1790 | D:8      | Reached skill level 1 in Throwing
  1841 | D:8      | Noticed a cyclops
  1853 | D:8      | Killed a cyclops
  1853 | D:8      | Reached skill level 10 in Unarmed Combat
  1944 | D:8      | Found an opulent altar of Gozag.
  1968 | D:8      | Reached XP level 9. HP: 66/87 MP: 8/8
  1983 | D:8      | Found Gozag's Platinum Reserve.
  1990 | D:8      | Found a flagged portal.
  2089 | Bailey   | Entered a bailey
  2089 | Bailey   | Noticed an orc knight
  2089 | Bailey   | Noticed an orc knight
  2089 | Bailey   | Noticed an orc knight
  2098 | Bailey   | Slain by an orc warrior

Skill      XL: |  1  2  3  4  5  6  7  8 |
---------------+-------------------------+-----
Fighting       | 3 4 |  4.9
Unarmed Combat | 4 5 6 8 10 | 10.6
Throwing       | 1 |  1.8
Dodging        | |  2.4
Stealth        | |  1.0

Action                   |  1- 3 |  4- 6 |  7- 9 || total
-------------------------+-------+-------+-------++-------
Melee: Unarmed           |    57 |    71 |    87 ||   215
       Kick              |       |     6 |    22 ||    28
       Punch             |       |     3 |     4 ||     7
Throw: Tomahawk          |       |     2 |     8 ||    10
       Large rock        |       |       |     4 ||     4
  Use: Potion            |       |     5 |       ||     5
       Scroll            |       |       |     9 ||     9
 Stab: Sleeping          |     1 |     3 |     1 ||     5
  Eat: Chunk             |     6 |     8 |    11 ||    25
Armor: Robe              |    15 |    14 |    19 ||    48
       Skin              |       |    39 |       ||    39
Dodge: Dodged            |    28 |    15 |    31 ||    74
Block: Other             |       |     7 |    18 ||    25
